 Dungeon Crawl Stone Soup version 0.32-a0-141-g04fe69798e (webtiles) character file.

Game seed: 989843366262500373

2305 Gladio the Basher (level 9, -1/72 HPs)
             Began as a Human Fighter on Feb 11, 2024.
             Was a Believer of Okawaru.
             Slain by a snapping turtle (10 damage)
             ... on level 5 of the Dungeon.
             The game lasted 00:09:09 (5430 turns).

Gladio the Basher (Human Fighter)                   Turns: 5430, Time: 00:09:10

Health: -1/72      AC: 17    Str: 22    XL:     9   Next: 40%
Magic:  9/9        EV:  5    Int:  8    God:    Okawaru [**....]
Gold:   209        SH:  8    Dex: 12    Spells: 8/8 levels left

rFire   . . .        d - +0 morningstar
rCold   . . .        k - +0 kite shield
rNeg    . . .        u - +0 plate armour
rPois   .            (no helmet)
rElec   .            D - +1 cloak
rCorr   .            (no gloves)
SInv    +            (no boots)
Will    .....        (no amulet) Stlth
                     f - +4 ring of protection
HPRegen 0.32/turn    m - ring of see invisible
MPRegen 0.11/turn

%: no passive effects
@: no status effects
A: explore regen
a: Renounce Religion, Heroism


You were on level 5 of the Dungeon.
You worshipped Okawaru.
Okawaru was pleased with you.
You visited 2 branches of the dungeon, and saw 7 of its levels.

You collected 209 gold pieces.

Inventory:

Hand Weapons
 a - a +0 flail
 d - a +0 morningstar (weapon)
Missiles
 j - a curare-tipped dart (quivered)
 y - 4 javelins
 F - 4 atropa-tipped darts
Armour
 b - a +0 scale mail
 c - a +0 buckler
 k - a +0 kite shield (worn)
 p - a +0 chain mail
 u - a +0 plate armour (worn)
 D - a +1 cloak (worn)
Jewellery
 f - a +4 ring of protection (left hand)
 m - a ring of see invisible (right hand)
Wands
 n - a wand of polymorph (1)
 E - a wand of mindburst (17)
Scrolls
 o - a scroll of vulnerability {unknown}
 t - a scroll of poison {unknown}
 v - 3 scrolls of enchant armour
 w - 2 scrolls of teleportation {unknown}
 x - a scroll of noise {unknown}
 z - a scroll of fog {unknown}
 B - a scroll of revelation {unknown}
Potions
 e - a potion of lignification {unknown}
 g - 2 potions of degeneration
 h - a potion of curing
 i - a potion of berserk rage {unknown}
 l - 3 potions of might
 q - a potion of enlightenment {unknown}
 r - a potion of mutation
 s - 2 potions of heal wounds {unknown}
 A - 2 potions of brilliance {unknown}
 C - a potion of attraction {unknown}


   Skills:
 + Level 7.2 Fighting
 * Level 9.5 Maces & Flails
 - Level 3.0 Armour
 - Level 3.0 Shields
 + Level 4.5 Evocations


You had 8 spell levels left.
You didn't know any spells.
Your spell library contained the following spells:

 Spells                   Type           Power      Damage    Failure   Level
 Anguish                  Hex/Necr       0%         N/A       100%        4
 Cause Fear               Hex            0%         N/A       100%        4
 Dimensional Bullseye     Hex/Tloc       0%         N/A       100%        4
 Iskenderun's Mystic Bla  Conj/Tloc      0%         2d3       100%        4
 Vhi's Electric Charge    Tloc/Air       0%         N/A       100%        4
 Arcjolt                  Conj/Air       0%         1d10      100%        5
 Enfeeble                 Hex            0%         N/A       100%        7
 Maxwell's Capacitive Co  Air            0%         ∞         100%        8
 Tukima's Dance           Hex            Unusable   N/A       N/A         3

Dungeon Overview and Level Annotations

Branches:
Dungeon (6/15)             Temple (1/1) D:4

Altars:
Ashenzari
Cheibriados
Dithmenos
Gozag
Hepliaklqana
Kikubaaqudgha
Makhleb
Nemelex Xobeh
Okawaru
Qazlal
Ru
Sif Muna
Trog
Vehumet
Wu Jian
Xom
Yredelemnul
Zin
The Shining One

Annotations:
D:6 Prince Ribbit


Innate Abilities, Weirdness & Mutations

You regain HP and MP as you explore.


Message History

You climb downwards.
Level annotation: Prince Ribbit The two-headed ogre hits you with a +0 giant club!
You block the two-headed ogre's attack.
There is a stone staircase leading up, spattered with blood here.
You block the two-headed ogre's attack.
The two-headed ogre hits you but does no damage.
You climb upwards.
There is a stone staircase leading down here.
You closely miss the two-headed ogre.
The two-headed ogre hits you with a +0 giant club!! x2
* * * LOW HITPOINT WARNING * * *
You hit the two-headed ogre but do no damage.
Aiming: Polymorph
Press: ? - help, Q - select action, (/) - cycle Shift-Dir - straight line, f - two-headed ogre
Aim: a two-headed ogre, wielding two +0 giant clubs (will become a glowing shapeshifter, a snapping turtle, or a meliai, chance to affect: 42%)
The two-headed ogre evaporates and reforms as a snapping turtle!
You hit the snapping turtle but do no damage.
The snapping turtle bites you but does no damage.
You hit the snapping turtle.
The snapping turtle is lightly wounded.
You block the snapping turtle's attack.
You hit the snapping turtle but do no damage.
The snapping turtle is lightly wounded.
You hit the snapping turtle.
The snapping turtle is lightly wounded.
The snapping turtle bites you but does no damage. x2
You hit the snapping turtle but do no damage.
The snapping turtle is lightly wounded.
The snapping turtle barely misses you.
You hit the snapping turtle.
The snapping turtle is lightly wounded.
You sock the snapping turtle!
The snapping turtle is moderately wounded.
The snapping turtle bites you!
* * * LOW HITPOINT WARNING * * *
You puncture the snapping turtle!
The snapping turtle is heavily wounded.
The snapping turtle bites you!
You die...

##...#####.###.##.# #.........
#..## #.###.##.# #.#.#####. ##.##
#........## #.#....... #..#
#.........# #.######## .#.#
#.###..##.# #.# ##+## #.#
#..##.### #.# #...## #.#
#.......# #.# .....##
#.###...#.#.# #.### # ......##
#.#.#..@..#.# #...## ##
.......###.......t.#.####...####.
.......+.......................'.
.......####....#####.####...####.
......## ##.#.#####.# #..## ##
.....## ###.......# #.## # #...##
#.####### #.# ##'## #.# #.# #.#
#.# #.#


You could see a snapping turtle.

Vanquished Creatures
  3 water moccasins
  2 black bears (D:6)
  A centaur (D:5)
  3 ogres
  2 phantoms
  A bullfrog (D:6)
  2 kobold brigands (D:6)
  2 scorpions (D:5)
  A howler monkey (D:5)
  3 hounds
  4 bombardier beetles
  3 jellies
  An orc priest (D:4)
  Crazy Yiuf (D:5)
  Jessica (D:2)
  5 iguanas
  Natasha (twice) (D:2)
  8 orc wizards
  5 gnolls
  8 adders
  A white imp (D:5)
  4 dart slugs
  22 orcs
  5 ball pythons
  7 endoplasms
  5 giant cockroaches
  5 hobgoblins
  4 jackals (D:2)
  4 quokkas
  6 bats
  3 frilled lizards
  7 goblins
  13 kobolds
  5 rats (D:1)
149 creatures vanquished.

Notes
Turn   | Place    | Note
-------+----------+-------------------------------------------
     0 | D:1      | Gladio the Human Fighter began the quest for the Orb.
     0 | D:1      | Reached XP level 1. HP: 18/18 MP: 1/1
    76 | D:1      | Reached XP level 2. HP: 23/24 MP: 2/2
   458 | D:1      | Reached skill level 3 in Maces & Flails
   458 | D:1      | Reached XP level 3. HP: 24/29 MP: 3/3
   726 | D:2      | Noticed Jessica
   738 | D:2      | Killed Jessica
   780 | D:2      | Reached XP level 4. HP: 36/37 MP: 4/4
  1218 | D:2      | Reached skill level 4 in Maces & Flails
  1225 | D:2      | Reached XP level 5. HP: 24/42 MP: 5/5
  1353 | D:2      | Noticed Natasha
  1359 | D:2      | Killed Natasha
  1468 | D:2      | Found a shadowy altar of Dithmenos.
  1664 | D:2      | Noticed Natasha
  1674 | D:2      | Killed Natasha
  1862 | D:3      | Reached skill level 5 in Maces & Flails
  1862 | D:3      | Reached XP level 6. HP: 43/49 MP: 6/6
  2232 | D:3      | Found an ornate altar of the Wu Jian Council.
  2356 | D:4      | Found a shimmering blue altar of Sif Muna.
  2868 | D:4      | Reached skill level 5 in Fighting
  2868 | D:4      | Reached skill level 6 in Maces & Flails
  2894 | D:4      | Reached XP level 7. HP: 44/56 MP: 7/7
  3131 | D:4      | Found a snail-covered altar of Cheibriados.
  3276 | D:4      | Found a staircase to the Ecumenical Temple.
  3286 | Temple   | Entered the Ecumenical Temple
  3294 | Temple   | Became a worshipper of Warmaster Okawaru
  3817 | D:5      | Entered Level 5 of the Dungeon
  3832 | D:5      | Reached skill level 1 in Evocations
  3834 | D:5      | Reached skill level 7 in Maces & Flails
  3879 | D:5      | Reached * piety under Okawaru
  3919 | D:5      | Reached XP level 8. HP: 56/64 MP: 8/8
  4063 | D:5      | Found a runed translucent door.
  4064 | D:5      | Noticed Crazy Yiuf
  4097 | D:5      | Killed Crazy Yiuf
  4466 | D:5      | Reached skill level 8 in Maces & Flails
  4889 | D:5      | Reached ** piety under Okawaru
  5161 | D:6      | Reached XP level 9. HP: 67/71 MP: 9/9
  5211 | D:6      | Reached skill level 9 in Maces & Flails
  5217 | D:6      | Noticed Prince Ribbit
  5303 | D:6      | Noticed a two-headed ogre
  5423 | D:5      | a two-headed ogre changed into a snapping turtle
  5430 | D:5      | Slain by a snapping turtle

Illustrated notes

Levels and vault maps discovered:
D:1:      psy_arrival_statuary, layout_basic, minmay_misc_feat_alley,
          minmay_3d_cube
D:2:      layout_loops_corners, basic_altar, uniq_jessica, uniq_natasha
D:3:      layout_basic, mainiacjoe_overflow_24_doors
D:4:      minmay_skewed_foursquare, layout_basic, slow_altar_1,
          mainiacjoe_overflow_six_doors_small, minmay_temple_entry_mist,
          kennysheep_generic_room_9
D:5:      layout_loops_corners, hangedman_decor_opposing,
          uniq_crazy_yiuf_cottage
D:6:      layout_basic, minmay_bent, uniq_prince_ribbit1
Temple:   nicolae_temple_no_exploring_needed

Skill      XL: |  1  2  3  4  5  6  7  8  9 |
---------------+----------------------------+-----
Maces & Flails | 3 4 5 6 7 8 9 |  9.5
Fighting       | 4 5 6 7 |  7.2
Evocations     | 1 3 4 |  4.5
Armour         | |  3.0
Shields        | |  3.0

Action                     |  1- 3 |  4- 6 |  7- 9 || total
---------------------------+-------+-------+-------++-------
  Melee: Flail             |    85 |   209 |    15 ||   309
         Unarmed           |     5 |       |       ||     5
         Morningstar       |       |       |   299 ||   299
  Throw: Dart              |       |       |     4 ||     4
 Invoke: Heroism           |       |       |     2 ||     2
  Evoke: Wand              |       |       |     1 ||     1
    Use: Potion            |       |     3 |       ||     3
         Scroll            |       |     2 |     1 ||     3
 Armour: Scale mail        |    78 |    24 |       ||   102
         Chain mail        |       |    70 |       ||    70
         Plate armour      |       |   119 |   254 ||   373
  Dodge: Dodged            |    46 |    63 |    65 ||   174
  Block: Kite shield       |    23 |   140 |   161 ||   324
         Buckler           |     9 |       |       ||     9

Table legend: (Time is in decaauts)
 A = Elapsed time spent in this place.
 B = Non-inter-level travel time spent in this place.
 C = Inter-level travel time spent in this place.
 D = Time resting spent in this place.
 E = Time spent auto-exploring this place.
 F = Levels seen in this place.
 G = Mean time per level.
                   A        B        C        D        E       F      G
               +--------+--------+--------+--------+--------+-----+--------+
         Total |   5591 |   5403 |    188 |      0 |   4087 |   7 |  798.7 |
       Dungeon |   5575 |   5401 |    174 |      0 |   4087 |   6 |  929.2 |
        Temple |     16 |      2 |     14 |      0 |      0 |   1 |   16.0 |
               +--------+--------+--------+--------+--------+-----+--------+

Top non-repeatable levels by time:
     D:4: 1377 daAuts
     D:5: 1348 daAuts
     D:2: 1160 daAuts
     D:1: 746 daAuts
     D:3: 634 daAuts
     D:6: 308 daAuts
  Temple: 16 daAuts
